 Dungeon Crawl Stone Soup version 0.28-b1-25-g9875b3fc8c (webtiles) character file.

Game seed: 5416176900546020173

129 LLlMATKO the Chopper (level 4, -4/41 HPs)
             Began as a Minotaur Berserker on Feb 6, 2022.
             Was a Believer of Trog.
             Killed by divine providence
             ... invoked by an orc priest
              (10 damage)
             ... on level 3 of the Dungeon.
             The game lasted 00:03:02 (2436 turns).

LLlMATKO the Chopper (Minotaur Berserker)           Turns: 2436, Time: 00:03:02

Health: -4/41      AC: 10    Str: 23    XL:     4   Next: 88%
Magic:  3/3        EV:  8    Int:  4    God:    Trog [**....]
Gold:   109        SH:  5    Dex: 10    Spells: 3/3 levels left

rFire   . . .      SeeInvis .   a - +0 hand axe
rCold   . . .      Faith    .   (no shield)
rNeg    . . .      Spirit   .   j - +0 chain mail
rPois   .          Reflect  +   (helmet restricted)
rElec   .          Harm     .   (no cloak)
rCorr   .          Rampage  .   m - +0 pair of gloves
Will    .....                   (no boots)
Stlth   ..........              h - amulet of reflection
HPRegen 0.13/turn               (no ring)
MPRegen 0.08/turn               (no ring)

@: no status effects
A: horns 2, retaliatory headbutt
a: Renounce Religion, Berserk, Trog's Hand


You were on level 3 of the Dungeon.
You worshipped Trog.
Trog was pleased with you.
You visited 1 branch of the dungeon, and saw 3 of its levels.

You collected 109 gold pieces.

Inventory:

Hand Weapons
 a - a +0 hand axe (weapon)
Missiles
 k - 5 poisoned darts (quivered)
Armour
 j - a +0 chain mail (worn)
 m - a +0 pair of gloves (worn)
Jewellery
 h - an amulet of reflection (around neck)
 o - a +6 ring of dexterity
 q - a ring of protection from fire
Scrolls
 c - a scroll of enchant armour
 d - a scroll of identify {unknown}
 f - a scroll of amnesia {unknown}
 l - a scroll of noise {unknown}
 n - a scroll of holy word {unknown}
Potions
 b - a potion of cancellation {unknown}
 e - a potion of curing {unknown}
 g - a potion of haste {unknown}
 i - a potion of berserk rage {unknown}
 p - a potion of attraction {unknown}
 r - 2 potions of brilliance {unknown}


   Skills:
 + Level 4.7 Fighting
 + Level 5.3 Axes
 + Level 2.7 Armour
 + Level 3.0 Dodging
 + Level 0.3 Shields


You had 3 spell levels left.
You didn't know any spells.
Your spell library was empty.

Dungeon Overview and Level Annotations

Branches:
Dungeon (3/15)

Altars:


Innate Abilities, Weirdness & Mutations

You have a pair of horns on your head.
You reflexively headbutt those who attack you in melee.


Message History

Trog accepts your kill.
No target in view!
No target in view!
No target in view!
No target in view!
No target in view!
You see here a hobgoblin corpse.
You see here a hobgoblin corpse.
You see here a +0 club.
You see here a +0 whip.
r - 2 purple potions (gained 1) Done exploring.
No target in view!
Done exploring.
No target in view!
Done exploring.
(D) Dungeon
Where to? (Enter - D:2 @ (x,y), ? - help)
You see here a +0 whip.
There is a stone staircase leading down here.
You climb downwards.
The orc shouts!
The orc priest shouts! x2; You hear a shout!
Found 18 arrows and a ring mail.
There is a stone staircase leading up here.
There are monsters nearby!
There are monsters nearby!
An orc priest comes into view. It is wielding a +0 whip.
The orc priest shouts!
The orc priest hits you with a +0 dagger.
The orc priest invokes the aid of Beogh against you.
Beogh smites you!
The orc priest mumbles some strange prayers to Beogh against you.
Pain shoots through your body!
The orc priest calls down the wrath of Beogh upon you.
Beogh smites you!
* * * LOW HITPOINT WARNING * * *
There is a stone staircase leading up here.
The orc priest calls down the wrath of Beogh upon you.
Beogh smites you!
You die...

#######
#.....#
#.....#
#.o@o.#
#...o..#
#....o....#
#.##.o.#.##
#.. ..(...#
....
..[....
....
..##....
.... ..g#
.###


You could see 4 orc priests, an orc and a hobgoblin.

Vanquished Creatures
  3 gnolls (D:2)
  4 adders (D:2)
  3 dart slugs
  4 ball pythons
  3 endoplasms
  A giant cockroach (D:2)
  4 goblins
  11 hobgoblins
  6 jackals
  2 quokkas (D:1)
  2 bats
  3 frilled lizards
  6 kobolds
  5 rats
57 creatures vanquished.

Notes
Turn   | Place    | Note
-------+----------+-------------------------------------------
     0 | D:1      | LLlMATKO the Minotaur Berserker began the quest for the
                  | Orb.
     0 | D:1      | Reached XP level 1. HP: 19/19 MP: 0/0
   223 | D:1      | Reached XP level 2. HP: 26/27 MP: 1/1
   226 | D:1      | Reached skill level 4 in Axes
   632 | D:1      | Found a faded altar of an unknown god.
   780 | D:1      | Reached XP level 3. HP: 18/33 MP: 2/2
   791 | D:1      | Reached ** piety under Trog
  1168 | D:1      | You fall into a shaft and drop 1 floor!
  1626 | D:2      | Reached XP level 4. HP: 36/41 MP: 3/3
  1950 | D:2      | Reached skill level 5 in Axes
  2436 | D:3      | Killed from afar by an orc priest

Illustrated notes

Levels and vault maps discovered:
D:1:      dpeg_arrival_renting, layout_loops_corners,
          hellmonk_ecumenical_altar_pennies_from_heaven, minmay_hexomino_p4
D:2:      layout_basic, minmay_cut_off
D:3:      layout_rooms

Skill      XL: |  1  2  3  4 |
---------------+-------------+-----
Axes           | 4 5 |  5.3
Fighting       | 4 |  4.7
Dodging        | 3 |  3.0
Armour         | |  2.7
Shields        | |  0.3

Action                   |  1- 3 |  4- 6 || total
-------------------------+-------+-------++-------
Melee: Hand axe          |    93 |    36 ||   129
       Headbutt          |    10 |     6 ||    16
       Punch             |       |     1 ||     1
Invok: Berserk           |       |     1 ||     1
  Use: Scroll            |     1 |       ||     1
Armor: Animal skin       |    14 |       ||    14
       Chain mail        |     4 |    10 ||    14
Dodge: Dodged            |    40 |    19 ||    59
Block: Other             |     8 |     9 ||    17
       Reflection        |       |     1 ||     1
